 Dungeon Crawl Stone Soup version 0.30-a0-777-ga9a30cbeda (webtiles) character file.

Game seed: 12421399179222658151

492 browni3141 the Covered (level 7, 0/42 (50) HPs)
             Began as a Formicid Transmuter on Feb 15, 2023.
             Was an Initiate of Gozag.
             Slain by an ice beast (2 damage)
             ... on level 5 of the Dungeon.
             The game lasted 00:13:12 (3829 turns).

browni3141 the Covered (Formicid Transmuter)        Turns: 3829, Time: 00:13:13

HP:   0/42 (50)     AC:  9    Str: 17    XL:     7   Next: 37%
MP:   10/10         EV: 10    Int: 12    God:    Gozag
Gold: 372           SH:  0    Dex: 14    Spells: 9/10 levels left

rFire   . . .      SeeInvis +    t - +1 hand axe (venom)
rCold   . . .      Faith    .    (no shield)
rNeg    . . .      Spirit   .    r - +0 scale mail
rPois   .          Reflect  .    (helmet unavailable)
rElec   +          Harm     .    (no cloak)
rCorr   .          Rampage  .    n - +0 pair of gloves
Will    +++..                    (no boots)
Stlth   +                        (no amulet)
HPRegen 0.27/turn                x - ring of ice
MPRegen 0.12/turn                z - ring of the Stopping Hero {Fire Drain rElec Will+++}

@: heavily drained
A: permanent stasis, dig shafts and tunnels, antennae 3, four strong arms
a: Dig, Shaft Self, Renounce Religion, Potion Petition, Call Merchant, Bribe
Branch


You were on level 5 of the Dungeon.
You worshipped Gozag.
Gozag was aware of your devotion.
You visited 1 branch of the dungeon, and saw 5 of its levels.

You collected 412 gold pieces.
You paid 40 gold pieces to Gozag.

Inventory:

Hand Weapons
 i - a +1 vampiric war axe
 t - a +1 hand axe of venom (weapon)
Armour
 a - a +0 robe
 g - a +0 ring mail
 n - a +0 pair of gloves (worn)
 r - a +0 scale mail (worn)
Jewellery
 d - a ring of fire
 m - a ring of poison resistance
 x - a ring of ice (left hand)
 z - the ring of the Stopping Hero (right hand) {Fire Drain rElec Will+++}
   (You found it on level 5 of the Dungeon)

   [ring of fire]

   It enhances your fire magic.
   rF:        It protects you from fire.
   rC:        It makes you vulnerable to cold.
   rElec:     It insulates you from electricity.
   Drain:     It drains your maximum health when unequipped.
   Will:      It greatly increases your willpower.
Scrolls
 c - 2 scrolls of fog
 k - 3 scrolls of amnesia
 l - a scroll of silence
 o - a scroll of acquirement {unknown}
 q - a scroll of vulnerability {unknown}
 u - a scroll of enchant weapon {unknown}
 w - a scroll of poison {unknown}
 y - a scroll of blinking {unknown}
Potions
 b - a potion of lignification
 e - 5 potions of curing
 f - a potion of might {unknown}
 h - a potion of attraction {unknown}
 j - a potion of resistance {unknown}
 p - a potion of berserk rage {unknown}
 s - a potion of haste {unknown}
 v - a potion of ambrosia {unknown}


   Skills:
 * Level 2.0 Fighting
 * Level 0.0 Axes
 - Level 7.1 Armour
 - Level 1.7 Dodging
 - Level 3.0 Stealth
 - Level 3.0 Unarmed Combat
 - Level 2.1 Spellcasting
 - Level 2.1 Transmutations


You had 9 spell levels left.
You knew the following spells:

 Your Spells              Type           Power      Damage    Failure   Level
a - Beastly Appendage     Tmut           12%        N/A       32%         1

Your spell library contained the following spells:

 Spells                   Type           Power      Damage    Failure   Level
 Wereblood                Tmut           6%         N/A       43%         2
 Sublimation of Blood     Necr           1%         N/A       75%         2
 Spider Form              Tmut/Pois      3%         N/A       83%         3
 Ice Form                 Ice/Tmut       5%         N/A       99%         4
 Summon Hydra             Summ           0%         N/A       100%        7


Dungeon Overview and Level Annotations

Branches:
Dungeon (5/15)             Temple (0/1) D:5

Altars:
Gozag
Uskayaw
Wu Jian
Zin

Annotations:
D:3 Grinder
D:4 1 runed translucent door, Crazy Yiuf


Innate Abilities, Weirdness & Mutations

You cannot be hasted, slowed, berserked, paralysed or teleported.
You can dig through walls and to a lower floor.
You have a pair of large antennae on your head. (SInv)
Your four strong arms can wield two-handed weapons with a shield.


Message History

The ice beast is moderately wounded.
The ice beast hits you but does no damage.
You closely miss the ice beast.
The ice beast is moderately wounded.
The ice beast hits you but does no damage.
The ice beast closely misses you.
There is a stone staircase leading up here.
You closely miss the ice beast.
The ice beast is heavily wounded.
The ice beast hits you but does no damage.
You closely miss the ice beast.
The ice beast is heavily wounded.
The ice beast hits you but does no damage.
You hit the ice beast but do no damage.
The ice beast is heavily wounded.
The ice beast hits you but does no damage.
The ice beast barely misses you.
You closely miss the ice beast.
The ice beast is heavily wounded.
The ice beast barely misses you.
You barely miss the ice beast.
The ice beast is severely wounded.
The ice beast hits you but does no damage.
You hit the ice beast but do no damage.
The ice beast looks as sick as possible!
The ice beast is severely wounded.
The ice beast closely misses you.
You barely miss the ice beast.
The ice beast is severely wounded.
The ice beast hits you but does no damage.
The ice beast hits you.
* * * LOW HITPOINT WARNING * * *
The ice beast freezes you!
* * * LOW HITPOINT WARNING * * *
Unknown command.
You barely miss the ice beast.
The ice beast is almost dead.
The ice beast hits you.
You die...
Your body crumbles into a pile of gold.

..#...#....#
....⌠.....)#
..#...#....#
..#####....#
###......###
.........#
.........#
......#### ###
.....O# #@#
.....{# ### ###Y#
....{.# #.. #...#
{ ....{.# #.#
#.### $ ....).#
#.# ... { ###'###
#.#..## { ##...#
#.#.. .#.{.####[##
{
....{..##.######.#


You could see an ice beast (extremely poisoned).

Vanquished Creatures
  A black bear (D:4)
  An ogre (D:5)
  2 scorpions
  A hound (D:4)
  4 gnolls (D:4)
  4 adders
  A shadow imp (D:5)
  3 ufetubi
  A dart slug (D:2)
  5 orcs
  6 ball pythons
  8 bats
  4 endoplasms
  A giant cockroach (D:1)
  5 goblins
  7 hobgoblins
  5 jackals
  3 quokkas
  3 frilled lizards
  4 kobolds
  5 rats
74 creatures vanquished.

Notes
Turn   | Place    | Note
-------+----------+-------------------------------------------
     0 | D:1      | browni3141 the Formicid Transmuter began the quest for the
                  | Orb.
     0 | D:1      | Reached XP level 1. HP: 15/15 MP: 3/3
   148 | D:1      | Reached skill level 1 in Stealth
   164 | D:1      | Reached XP level 2. HP: 15/22 MP: 5/5
  1069 | D:2      | Reached XP level 3. HP: 27/27 MP: 4/6
  1363 | D:2      | Reached skill level 1 in Armour
  1645 | D:2      | Reached XP level 4. HP: 32/33 MP: 7/7
  1899 | D:3      | Noticed Grinder
  1976 | D:3      | Reached skill level 2 in Armour
  2063 | D:3      | Found an opulent altar of Gozag.
  2119 | D:3      | Became a worshipper of Gozag Ym Sagoz the Greedy
  2128 | D:3      | Noticed a scorpion
  2134 | D:3      | Killed a scorpion
  2135 | D:3      | Reached skill level 3 in Armour
  2135 | D:3      | Reached XP level 5. HP: 36/38 MP: 8/8
  2245 | D:3      | You fall into a shaft and drop 1 floor!
  2280 | D:4      | Reached skill level 4 in Armour
  2502 | D:4      | Noticed a black bear
  2511 | D:4      | Killed a black bear
  2512 | D:4      | Reached skill level 5 in Armour
  2512 | D:4      | Reached XP level 6. HP: 33/44 MP: 9/9
  2565 | D:4      | Found a hide-covered altar of Uskayaw.
  2565 | D:4      | Found an ornate altar of the Wu Jian Council.
  2821 | D:4      | Reached skill level 6 in Armour
  2942 | D:4      | Found a glowing silver altar of Zin.
  3074 | D:4      | Found a runed translucent door.
  3075 | D:4      | Noticed Crazy Yiuf
  3305 | D:4      | Reached XP level 7. HP: 50/50 MP: 10/10
  3454 | D:5      | Entered Level 5 of the Dungeon
  3461 | D:5      | Reached skill level 7 in Armour
  3530 | D:5      | Identified the ring of the Stopping Hero {Fire Drain rElec
                  | Will+++}
  3580 | D:5      | Found a staircase to the Ecumenical Temple.
  3828 | D:5      | HP: 1/42 [ice beast (10)]
  3829 | D:5      | Slain by an ice beast

Illustrated notes

Levels and vault maps discovered:
D:1:      nicolae_arrival_memento_mori, layout_rooms, amethyst_killhole,
          dreamdust_princess_bridge, kennysheep_small_spiral
D:2:      layout_loops_corners
D:3:      layout_basic, grunt_gozag_breadcrumbs,
          dreamdust_ecumenical_altar_hidden_monk_grotto, uniq_grinder
D:4:      layout_basic, jmf_multi_god_temple, zin_academy,
          uniq_crazy_yiuf_cottage
D:5:      minmay_razor_zed, layout_basic, minmay_temple_entry_antechambers

Skill      XL: |  1  2  3  4  5  6  7 |
---------------+----------------------+-----
Stealth        | 1 2 3 |  3.0
Fighting       | 2 |  2.0
Armour         | 1 3 5 6 7 |  7.1
Dodging        | |  1.7
Unarmed Combat | |  3.0
Spellcasting   | |  2.1
Transmutations | |  2.1

Action                     |  1- 3 |  4- 6 |  7- 9 || total
---------------------------+-------+-------+-------++-------
  Melee: Unarmed           |    28 |       |       ||    28
         Kick              |     7 |     6 |       ||    13
         War axe           |    69 |    31 |       ||   100
         Hand axe          |       |    69 |    44 ||   113
         Punch             |       |     4 |     2 ||     6
   Cast: Beastly Appendage |    10 |     4 |       ||    14
    Use: Scroll            |     4 |       |       ||     4
   Stab: Sleeping          |     5 |       |       ||     5
 Armour: Robe              |     9 |       |       ||     9
         Ring mail         |    18 |     8 |       ||    26
         Scale mail        |       |    53 |    26 ||    79
  Dodge: Dodged            |    61 |    88 |    27 ||   176

Table legend: (Time is in decaauts)
 A = Elapsed time spent in this place.
 B = Non-inter-level travel time spent in this place.
 C = Inter-level travel time spent in this place.
 D = Time resting spent in this place.
 E = Time spent auto-exploring this place.
 F = Levels seen in this place.
 G = Mean time per level.
                   A        B        C        D        E       F      G
               +--------+--------+--------+--------+--------+-----+--------+
         Total |   3908 |   3719 |    189 |     82 |   2678 |   5 |  781.6 |
       Dungeon |   3908 |   3719 |    189 |     82 |   2678 |   5 |  781.6 |
               +--------+--------+--------+--------+--------+-----+--------+

Top non-repeatable levels by time:
     D:4: 1241 daAuts
     D:2: 1064 daAuts
     D:1: 849 daAuts
     D:3: 381 daAuts
     D:5: 371 daAuts
